 Dungeon Crawl Stone Soup version 0.27-a0-1105-g946c659c87 (webtiles) character file.

Game seed: 12085558417016932952

291 flotson the Covert (level 6, -2/53 HPs)
             Began as a Gnoll Delver on Apr 28, 2021.
             Was a Follower of Fedhas.
             Slain by Crazy Yiuf
             ... wielding a +4 quarterstaff of chaos
              (7 damage)
             ... on level 2 of the Dungeon on Apr 29, 2021.
             The game lasted 00:05:48 (3951 turns).

flotson the Covert (Gnoll Delver)                   Turns: 3951, Time: 00:05:50

Health: -2/53      AC:  7    Str: 13    XL:     6   Next: 32%
Magic:  8/8        EV: 12    Int:  9    God:    Fedhas [*.....]
Gold:   159        SH:  0    Dex: 14    Spells: 8/8 levels left

rFire    . . .     SeeInvis .   b - +2 scythe (protect)
rCold    . . .     Faith    +   (shield currently unavailable)
rNeg     . . .     Spirit   .   q - +0 ring mail
rPois    .         Reflect  .   (no helmet)
rElec    .         Harm     .   C - scarf {+Inv}
rCorr    .         Rampage  .   o - +0 pair of gloves
Will     .....                  x - +0 pair of boots
Stlth    ++++......             w - amulet of faith
HPRegen  0.17/turn              m - ring of wizardry
MPRegen  0.11/turn              (no ring)

@: lethally poisoned (-2 -> -9)
A: fangs 1, strong nose, distributed training
a: Renounce Religion, Evoke Invisibility


You were on level 2 of the Dungeon.
You worshipped Fedhas.
Fedhas was aware of your devotion.
You visited 1 branch of the dungeon, and saw 5 of its levels.

You collected 159 gold pieces.

Inventory:

Hand Weapons
 a - a +1 short sword of venom
 b - a +2 scythe of protection (weapon)
 n - a +0 spear
Missiles
 s - 5 boomerangs (quivered)
 v - 4 boomerangs of dispersal
 z - 4 javelins
Armour
 o - a +0 pair of gloves (worn)
 q - a +0 ring mail (worn)
 x - a +0 pair of boots (worn)
 C - a scarf of invisibility (worn)
Magical Staves
 h - a staff of earth
 i - a staff of fire
Jewellery
 m - a ring of wizardry (left hand)
 w - an amulet of faith (around neck)
 y - an amulet of the acrobat
Wands
 g - a wand of digging (3)
 j - a wand of mindburst (12)
 k - a wand of iceblast (5)
 l - a wand of acid (5)
 t - a wand of charming (5)
Scrolls
 c - a scroll of fog
 d - 3 scrolls of magic mapping
 e - 3 scrolls of fear
 p - 2 scrolls of amnesia {unknown}
 u - 3 scrolls of identify {unknown}
 A - 2 scrolls of noise {unknown}
 B - a scroll of teleportation {unknown}
Potions
 f - a potion of haste
 r - 2 potions of curing {unknown}


   Skills:
 + Level 6.8 Fighting
 + Level 1.9 Short Blades
 + Level 1.9 Long Blades
 + Level 1.9 Axes
 + Level 1.9 Maces & Flails
 + Level 5.0 Polearms
 + Level 1.9 Staves
 + Level 1.9 Slings
 + Level 1.9 Bows
 + Level 1.9 Crossbows
 + Level 1.9 Throwing
 + Level 1.9 Armour
 + Level 5.0 Dodging
 + Level 9.7 Stealth
 + Level 1.9 Shields
 + Level 1.9 Unarmed Combat
 + Level 1.9 Spellcasting
 + Level 1.5 Conjurations
 + Level 1.5 Hexes
 + Level 1.5 Summonings
 + Level 1.5 Necromancy
 + Level 1.5 Translocations
 + Level 1.5 Transmutations
 + Level 1.5 Fire Magic
 + Level 1.5 Ice Magic
 + Level 1.5 Air Magic
 + Level 1.5 Earth Magic
 + Level 1.5 Poison Magic
 + Level 2.1 Invocations
 + Level 1.9 Evocations


You had 8 spell levels left.
You didn't know any spells.
Your spell library contained the following spells:

 Spells                   Type           Power      Damage    Failure   Level
 Sting                    Tmut/Pois      12%        1d3       16%         1
 Poisonous Vapours        Pois/Air       6%         N/A       22%         2
 Ignite Poison            Fire/Tmut/Pois 3%         N/A       41%         3
 Mephitic Cloud           Conj/Pois/Air  3%         N/A       41%         3
 Olgreb's Toxic Radiance  Pois           3%         N/A       80%         4


Dungeon Overview and Level Annotations

Branches:
Dungeon (5/15)
 Temple: D:4-7

Altars:
Cheibriados
Dithmenos
Elyvilon
Fedhas
Sif Muna
Uskayaw
Vehumet
Xom
The Shining One

Shops:
D:1 :   D:5 (

Annotations:
D:2 Crazy Yiuf


Innate Abilities, Weirdness & Mutations

You have very sharp teeth.
Your uncanny sense of smell can sniff out nearby items.
Your experience applies equally to all skills.


Message History

You become transparent for a moment.
Okay, then.
Crazy Yiuf shouts!
Crazy Yiuf says, "Aardvark sanguine illywillydillykilly!"
You open the door. You hit Crazy Yiuf.
Your weapon exudes an aura of protection.
Crazy Yiuf is lightly wounded.
Crazy Yiuf hits you with a +4 quarterstaff of chaos.
Crazy Yiuf burns you.
You barely miss Crazy Yiuf.
Crazy Yiuf is lightly wounded.
Crazy Yiuf hits you with a +4 quarterstaff of chaos! x2
You closely miss Crazy Yiuf.
Crazy Yiuf is lightly wounded.
Crazy Yiuf barely misses you.
Crazy Yiuf hits you with a +4 quarterstaff of chaos.
Crazy Yiuf burns you.
You slash Crazy Yiuf!
Your weapon exudes an aura of protection.
Crazy Yiuf is severely wounded.
Crazy Yiuf says, "Paint!"
Crazy Yiuf barely misses you. x2
You closely miss Crazy Yiuf. You bite Crazy Yiuf.
Crazy Yiuf is almost dead.
Crazy Yiuf hits you with a +4 quarterstaff of chaos!
* * * LOW HITPOINT WARNING * * *
You barely miss Crazy Yiuf.
Crazy Yiuf is almost dead.
Crazy Yiuf hits you with a +4 quarterstaff of chaos.
* * * LOW HITPOINT WARNING * * *
You are lethally poisoned!
Crazy Yiuf misses you.
You closely miss Crazy Yiuf.
Crazy Yiuf is almost dead.
* * * LOW HITPOINT WARNING * * *
You feel very sick.
Crazy Yiuf hits you with a +4 quarterstaff of chaos!
You die...
Fedhas appreciates your contribution to the ecosystem.

##....####.........>#
#....# #..........#
♣....♣ #.....##.._#
♣...♣♣ #.......⌠..#
♣♣.♣♣ #.....#....#
♣.♣♣ #.....######
♣♣.♣ #.....# ♣.♣♣
#.....# ♣♣@♣ #######
#g# ... #...# #..)#
#####


You could see Crazy Yiuf.

Vanquished Creatures
  Sigmund (D:2)
  A hound skeleton (D:5)
  2 adders (D:2)
  3 gnolls
  An adder skeleton (D:4)
  A worm (D:2)
  A dart slug (D:3)
  4 orcs
  6 endoplasms
  2 goblins
  4 hobgoblins
  11 jackals
  5 quokkas
  5 ball pythons
  4 bats
  3 frilled lizards
  A kobold (D:2)
  A quokka skeleton (D:4)
  9 rats
65 creatures vanquished.

Notes
Turn   | Place    | Note
-------+----------+-------------------------------------------
     0 | D:5      | Reached skill level 9 in Stealth
     0 | D:5      | flotson the Gnoll Delver began the quest for the Orb.
     0 | D:5      | Reached XP level 1. HP: 23/23 MP: 1/1
    58 | D:5      | Reached XP level 2. HP: 13/29 MP: 2/2
   256 | D:5      | Found a hide-covered altar of Uskayaw.
   256 | D:5      | Found a glowing golden altar of the Shining One.
   268 | D:5      | Found Ynuke Fomn's Antique Weapon Shop.
   606 | D:4      | Reached XP level 3. HP: 35/35 MP: 3/3
   619 | D:4      | Found a white marble altar of Elyvilon.
   713 | D:4      | Noticed an ogre
   960 | D:3      | Found a shadowy altar of Dithmenos.
   968 | D:3      | Found a snail-covered altar of Cheibriados.
   968 | D:3      | Found a radiant altar of Vehumet.
   969 | D:3      | Found a shimmering blue altar of Sif Muna.
   974 | D:3      | Found a shimmering altar of Xom.
   976 | D:3      | Found a blossoming altar of Fedhas.
   979 | D:3      | Became a worshipper of Fedhas Madash
  1090 | D:3      | Reached skill level 1 in Invocations
  1567 | D:2      | Reached skill level 1 in Short Blades
  1567 | D:2      | Reached skill level 1 in Long Blades
  1567 | D:2      | Reached skill level 1 in Axes
  1567 | D:2      | Reached skill level 1 in Maces & Flails
  1567 | D:2      | Reached skill level 1 in Staves
  1567 | D:2      | Reached skill level 1 in Slings
  1567 | D:2      | Reached skill level 1 in Bows
  1567 | D:2      | Reached skill level 1 in Crossbows
  1567 | D:2      | Reached skill level 1 in Throwing
  1567 | D:2      | Reached skill level 1 in Armour
  1567 | D:2      | Reached skill level 1 in Shields
  1567 | D:2      | Reached skill level 1 in Unarmed Combat
  1567 | D:2      | Reached skill level 1 in Spellcasting
  1567 | D:2      | Reached skill level 1 in Evocations
  1572 | D:2      | Reached XP level 4. HP: 24/41 MP: 5/5
  1825 | D:2      | Reached skill level 1 in Conjurations
  1825 | D:2      | Reached skill level 1 in Hexes
  1825 | D:2      | Reached skill level 1 in Summonings
  1825 | D:2      | Reached skill level 1 in Necromancy
  1825 | D:2      | Reached skill level 1 in Translocations
  1825 | D:2      | Reached skill level 1 in Transmutations
  1825 | D:2      | Reached skill level 1 in Fire Magic
  1825 | D:2      | Reached skill level 1 in Ice Magic
  1825 | D:2      | Reached skill level 1 in Air Magic
  1825 | D:2      | Reached skill level 1 in Earth Magic
  1825 | D:2      | Reached skill level 1 in Poison Magic
  2112 | D:1      | Found Nivilugh's Book Shoppe.
  2323 | D:1      | Reached * piety under Fedhas
  2605 | D:1      | Upgraded the game from 0.27-a0-1101-ge311f74bc8 to
                  | 0.27-a0-1105-g946c659c87
  3253 | D:3      | Reached XP level 5. HP: 15/47 MP: 5/7
  3684 | D:2      | Found a faded altar of an unknown god.
  3701 | D:2      | Noticed Sigmund
  3715 | D:2      | Killed Sigmund
  3716 | D:2      | Reached skill level 5 in Polearms
  3716 | D:2      | Reached skill level 5 in Dodging
  3716 | D:2      | Reached XP level 6. HP: 19/53 MP: 8/8
  3920 | D:2      | Found a runed translucent door.
  3941 | D:2      | Noticed Crazy Yiuf
  3951 | D:2      | Slain by Crazy Yiuf

Illustrated notes

Levels and vault maps discovered:
D:1:      beargit_arrival_diablo_church, layout_loops_corners, serial_shops,
          nicolae_shop_trees
D:2:      layout_basic, serial_forest, infiniplex_forest_lined_corner,
          infiniplex_forest_end_3, infiniplex_forest_3_way,
          infiniplex_forest_straight_4, infiniplex_forest_clump_long,
          infiniplex_forest_clump_diagonal, infiniplex_forest_clump_tiny,
          ebering_ecumenical_altar_abandoned, item_on_display_a,
          uniq_crazy_yiuf_cottage, uniq_sigmund
D:3:      layout_loops_corners, minitemple
D:4:      layout_loops_corners, marbit_many_paths,
          lemuel_coloured_pillars_altar, ebering_ghost_inner_flame,
          minmay_close_crescents, uniq_duvessa
D:5:      layout_loops_ring, gammafunk_temple_overflow_wave, serial_shops, shop,
          nicolae_shop_trees, shop, kennysheep_nub

Skill      XL: |  1  2  3  4  5 |
---------------+----------------+-----
Stealth        | |  9.7
Invocations    | 1 2 |  2.1
Short Blades   | 1 |  1.9
Long Blades    | 1 |  1.9
Axes           | 1 |  1.9
Maces & Flails | 1 |  1.9
Staves         | 1 |  1.9
Slings         | 1 |  1.9
Bows           | 1 |  1.9
Crossbows      | 1 |  1.9
Throwing       | 1 |  1.9
Armour         | 1 |  1.9
Shields        | 1 |  1.9
Unarmed Combat | 1 |  1.9
Spellcasting   | 1 |  1.9
Evocations     | 1 |  1.9
Conjurations   | 1 |  1.5
Hexes          | 1 |  1.5
Summonings     | 1 |  1.5
Necromancy     | 1 |  1.5
Translocations | 1 |  1.5
Transmutations | 1 |  1.5
Fire Magic     | 1 |  1.5
Ice Magic      | 1 |  1.5
Air Magic      | 1 |  1.5
Earth Magic    | 1 |  1.5
Poison Magic   | 1 |  1.5
Polearms       | 5 |  5.0
Dodging        | 5 |  5.0
Fighting       | |  6.8

Action                   |  1- 3 |  4- 6 || total
-------------------------+-------+-------++-------
Melee: Spear             |    40 |       ||    40
       Bite              |    14 |    13 ||    27
       Short sword       |    54 |    87 ||   141
       Scythe            |       |     7 ||     7
Evoke: Wand              |       |     1 ||     1
 Stab: Sleeping          |     8 |    13 ||    21
Armor: Leather armour    |     9 |       ||     9
       Ring mail         |    21 |    23 ||    44
Dodge: Dodged            |    45 |    58 ||   103

Table legend: (Time is in decaauts)
 A = Elapsed time spent in this place.
 B = Non-inter-level travel time spent in this place.
 C = Inter-level travel time spent in this place.
 D = Time resting spent in this place.
 E = Time spent auto-exploring this place.
 F = Levels seen in this place.
 G = Mean time per level.
                   A        B        C        D        E       F      G
               +--------+--------+--------+--------+--------+-----+--------+
         Total |   3969 |   3598 |    371 |    128 |   2950 |   5 |  793.8 |
       Dungeon |   3969 |   3598 |    371 |    128 |   2950 |   5 |  793.8 |
               +--------+--------+--------+--------+--------+-----+--------+

Top non-repeatable levels by time:
     D:1: 1225 daAuts
     D:2: 1036 daAuts
     D:3: 952 daAuts
     D:4: 409 daAuts
     D:5: 345 daAuts
